 Dungeon Crawl Stone Soup version 0.21-a0-426-g98080a9 (webtiles) character file.

22642 drevant the Spear-Bearer (level 12, -8/100 HPs)
             Began as a Demonspawn Abyssal Knight on Nov 5, 2017.
             Was a High Priest of Lugonu.
             Mangled by a komodo dragon (15 damage)
             ... on level 3 of the Lair of Beasts.
             The game lasted 00:40:45 (21024 turns).

drevant the Spear-Bearer (DsAK)                    Turns: 21024, Time: 00:40:45

Health: -8/100     AC: 19    Str: 17    XL:     12   Next: 64%
Magic:  14/14      EV:  7    Int: 13    God:    Lugonu [*****.]
Gold:   812        SH:  0    Dex: 14    Spells: 11/11 levels left

rFire    + . .     SeeInvis .   t - +0 trident
rCold    + . .     Gourm    .   n - +2 buckler
rNeg     . . .     Faith    .   l - +0 chain mail
rPois    .         Spirit   .   k - +2 hat
rElec    .         Reflect  .   (no cloak)
rCorr    .         Harm     .   J - +2 pair of gloves
MR       .....                  (no boots)
Stlth    ..........             (no amulet)
HPRegen  0.26/turn              s - ring of protection from fire
MPRegen  0.14/turn              y - ring of protection from cold

@: confused
A: antennae 1, thin metallic scales 2, nightstalker 1, spiny 2
a: Depart the Abyss, Bend Space, Banish, Corrupt, Enter the Abyss, Renounce
Religion


You were on level 3 of the Lair of Beasts.
You worshipped Lugonu.
Lugonu was extremely pleased with you.
You were very hungry.

You visited 3 branches of the dungeon, and saw 15 of its levels.
You visited the Abyss 1 time.
You also visited: Labyrinth and Bailey.

You collected 812 gold pieces.

Inventory:

Hand Weapons
 a - a +1 spear
 t - a +0 trident (weapon)
 H - a +0 glaive
Missiles
 A - 3 javelins (quivered)
Armour
 k - a +2 hat (worn)
 l - a +0 chain mail (worn)
 n - a +2 buckler (worn)
 J - a +2 pair of gloves (worn)
Jewellery
 g - an uncursed ring of flight
 s - a ring of protection from fire (left hand)
 y - a ring of protection from cold (right hand)
 G - an uncursed ring of magical power
 U - a +2 ring of strength
Wands
 e - a wand of polymorph (13/24)
 x - a wand of acid (7/15)
 z - a wand of random effects (17/48)
 E - a wand of lightning (0/15)
 K - a wand of clouds (1/9)
 L - a wand of disintegration (13/24)
 M - a wand of lightning (5/15)
 N - a wand of lightning (8/15)
 R - a wand of iceblast (7/15)
 X - a wand of paralysis (5/24)
Scrolls
 d - 4 scrolls of amnesia {unknown}
 h - 2 scrolls of immolation
 p - 3 scrolls of enchant armour
 q - 5 scrolls of enchant weapon
 r - a scroll of fear
 B - a scroll of teleportation
 C - 2 scrolls of recharging
 I - 3 scrolls of remove curse
 P - a scroll of identify
 T - a scroll of fog
Potions
 b - 2 potions of brilliance
 f - 4 potions of mutation
 i - a potion of degeneration
 m - 2 potions of curing
 w - a potion of lignification
 F - 3 potions of agility
 Q - a potion of ambrosia
 S - a potion of flight
Books
 u - a book of Cantrips

   Spells                             Type                      Level
   a - Confusing Touch                Hexes                        1
   b - Animate Skeleton               Necromancy                   1
   c - Summon Small Mammal            Summoning                    1
   d - Apportation                    Translocation                1
 D - a book of Changes

   Spells                             Type                      Level
   a - Beastly Appendage              Transmutation                1
   b - Sticks to Snakes               Transmutation                2
   c - Spider Form                    Transmutation/Poison         3
   d - Ice Form                       Ice/Transmutation            4
   e - Blade Hands                    Transmutation                5
 O - a book of Ice

   Spells                             Type                      Level
   a - Ice Form                       Ice/Transmutation            4
   b - Metabolic Englaciation         Hexes/Ice                    5
   c - Ozocubu's Refrigeration        Ice                          6
   d - Bolt of Cold                   Conjuration/Ice              6
   e - Freezing Cloud                 Conjuration/Ice/Air          6
   f - Simulacrum                     Ice/Necromancy               6
 V - a book of Debilitation

   Spells                             Type                      Level
   a - Corona                         Hexes                        1
   b - Slow                           Hexes                        2
   c - Inner Flame                    Hexes/Fire                   3
   d - Portal Projectile              Hexes/Translocation          3
   e - Cause Fear                     Hexes                        4
   f - Leda's Liquefaction            Hexes/Earth                  4
Comestibles
 c - 17 bread rations
 j - 3 royal jellies
 o - a meat ration
 v - 4 fruits


   Skills:
 - Level 11.0 Fighting
 * Level 13.6 Polearms
 + Level 8.7 Armour
 - Level 0.8 Dodging
 - Level 5.0 Shields
 + Level 2.9 Invocations


You had 11 spell levels left.
You didn't know any spells.

Dungeon Overview and Level Annotations

Branches:
Dungeon (11/15)            Temple (1/1) D:7            Lair (3/6) D:10
    Orc (0/2) D:9
  Swamp: Lair:2-4    Shoals: Lair:2-4     Snake: Lair:2-4    Spider: Lair:2-4

Altars:
Dithmenos
Gozag
Hepliaklqana
Makhleb
Okawaru
Ru
Sif Muna
Wu Jian
Zin
Beogh

Shops:
D:5 %   D:9 [

Annotations:
D:9 exclusion: ice statue
Lair:2 Gastronok


Innate Abilities, Weirdness & Mutations

You have a pair of small antennae on your head.
You are mostly covered in thin metallic scales. (AC +3)
You are slightly more attuned to the shadows.
You are mostly covered in sharp spines.


Message History

You block the komodo dragon's attack.
You hit the komodo dragon but do no damage.
The komodo dragon is almost dead.
You block the komodo dragon's attack.
You hit the komodo dragon.
The komodo dragon is almost dead.
You barely miss the komodo dragon.
The komodo dragon is almost dead.
The komodo dragon bites you!!
* * * LOW HITPOINT WARNING * * *
Your chain mail prevents you from hitting the komodo dragon.
The komodo dragon is almost dead.
You hit the komodo dragon but do no damage.
The komodo dragon is almost dead.
The komodo dragon bites you!!
* * * LOW HITPOINT WARNING * * *
It was a potion of ambrosia.
You are confused.
You feel invigorated. The komodo dragon bites you!
You die...

..........
..........#
#..>......##
#..........#
#..........#
............#
.........l..#
##...#.#@#..#
#P..P##.##l.##
#....#.##....#
P..###...#.#..#..##
........<........###
.................P.#
.#..P#.............#
#..####..........##
#...##P...<.....##


You could see a komodo dragon.

Vanquished Creatures
  A minotaur (Lab)
  4 two-headed ogres
  An unseen horror (D:11)
  A manticore (D:11)
  2 cyclopes (D:11)
  A black mamba (Lair:3)
  5 centaur skeletons
  8 spiny frogs
  2 komodo dragons (Lair:1)
  4 hippogriffs (D:11)
  5 blink frogs
  2 redbacks (Lab)
  A spriggan (D:7)
  The ghost of Zapper the Conjurer, an amateur DECj (D:4)
  A wyvern (D:11)
  19 yaks
  A basilisk (D:10)
  Grum (D:8)
  A soldier ant (D:11)
  9 porcupines
  6 water moccasins
  2 sky beasts (D:9)
  7 orc warriors
  An eye of draining (D:11)
  2 black bears
  A hornet zombie (D:9)
  3 ice beasts
  4 phantoms
  5 ogres
  2 wolves (D:8)
  7 centaurs
  6 crocodiles
  A big kobold (D:8)
  8 bullfrogs
  2 gnoll sergeants
  A water moccasin skeleton (D:8)
  3 scorpions
  4 killer bees
  4 wights
  3 howler monkeys (D:9)
  A centaur zombie (D:5)
  5 crimson imps
  2 quasits
  A bullfrog zombie (D:11)
  7 hounds
  5 bullfrog skeletons
  6 orc priests
  4 jellies
  8 orc wizards
  6 iguanas
  9 worker ants
  A hound zombie (D:11)
  Robin (D:2)
  A howler monkey zombie (D:6)
  2 worker ant zombies
  7 adders
  25 gnolls
  2 shadow imps
  4 oozes
  An adder zombie (D:8)
  2 adder skeletons
  4 worms
  10 leopard geckos
  51 orcs
  3 giant cockroaches
  18 goblins
  6 hobgoblins
  14 jackals
  11 kobolds
  2 quokkas
  2 ball pythons
  4 bats
  8 frilled lizards
  A jackal skeleton (D:5)
  3 rats
  A plant (D:10)
380 creatures vanquished.

Vanquished Creatures (others)
  A fungus (Lair:2)
  3 plants (D:2)
4 creatures vanquished.

Grand Total: 384 creatures vanquished

Notes
Turn   | Place    | Note
-------+----------+-------------------------------------------
     0 | Abyss:1  | drevant the Demonspawn Abyssal Knight began the quest for the Orb.
     0 | Abyss:1  | Reached XP level 1. HP: 18/18 MP: 2/2
    49 | Abyss:1  | Noticed a smoke demon
    55 | D:1      | Escaped the Abyss
   437 | D:1      | Reached * piety under Lugonu
   506 | D:1      | Reached skill level 2 in Polearms
   628 | D:1      | Gained mutation: You are partially covered in sharp spines. [demonic ancestry]
   628 | D:1      | Reached XP level 2. HP: 12/24 MP: 3/3
  1135 | D:1      | Gained mutation: You have a pair of small antennae on your head. [demonic ancestry]
  1135 | D:1      | Reached XP level 3. HP: 29/29 MP: 4/4
  1712 | D:2      | Reached skill level 3 in Polearms
  1911 | D:2      | Gained mutation: You are partially covered in thin metallic scales. (AC +2) [demonic ancestry]
  1911 | D:2      | Reached XP level 4. HP: 35/35 MP: 5/5
  1939 | D:2      | Reached ** piety under Lugonu
  2179 | D:2      | Reached skill level 1 in Shields
  2216 | D:2      | Noticed Robin
  2252 | D:2      | Killed Robin
  2345 | D:2      | Found a faded altar of an unknown god.
  2840 | D:3      | Reached XP level 5. HP: 42/42 MP: 6/6
  3328 | D:3      | Reached skill level 4 in Polearms
  3557 | D:3      | Found a sacrificial altar of Ru.
  3769 | D:4      | Reached XP level 6. HP: 45/48 MP: 7/7
  3835 | D:4      | Noticed Zapper's ghost (amateur DECj)
  4832 | D:4      | Killed Zapper's ghost
  4832 | D:4      | Reached skill level 5 in Polearms
  4832 | D:4      | Reached XP level 7. HP: 46/55 MP: 8/8
  5476 | D:4      | Reached skill level 5 in Fighting
  5480 | D:4      | Reached *** piety under Lugonu
  5855 | D:5      | Entered Level 5 of the Dungeon
  5890 | D:5      | Found a glowing silver altar of Zin.
  5962 | D:5      | Found a shadowy altar of Dithmenos.
  6136 | D:5      | Reached skill level 6 in Polearms
  6419 | D:5      | Reached XP level 8. HP: 59/63 MP: 9/9
  6779 | D:5      | Found Uhoo's Food Shop.
  6942 | D:6      | Found an iron altar of Okawaru.
  6942 | D:6      | Found a deep blue altar of Sif Muna.
  6946 | D:6      | Found an opulent altar of Gozag.
  7115 | D:6      | Got a tiger eye-encrusted leather armour
  7116 | D:6      | Identified the cursed +1 leather armour of the Vaults {rC+ MR+} (You found it on level 6 of the Dungeon)
  7128 | D:6      | Reached skill level 7 in Polearms
  7475 | D:6      | Reached **** piety under Lugonu
  7863 | D:7      | Reached skill level 5 in Shields
  7863 | D:7      | Reached XP level 9. HP: 71/71 MP: 10/10
  7912 | D:7      | Found a staircase to the Ecumenical Temple.
  7935 | Temple   | Entered the Ecumenical Temple
  7946 | Temple   | Reached skill level 8 in Polearms
  9405 | D:8      | Noticed a two-headed ogre
  9495 | D:8      | Found a flagged portal.
  9528 | D:8      | Reached skill level 9 in Polearms
  9604 | D:8      | Killed a two-headed ogre
  9611 | D:8      | Noticed a two-headed ogre
  9619 | D:8      | Gained mutation: You are slightly more attuned to the shadows. [demonic ancestry]
  9619 | D:8      | Reached XP level 10. HP: 74/80 MP: 11/11
  9647 | D:8      | Killed a two-headed ogre
  9719 | D:8      | Reached skill level 10 in Polearms
  9739 | D:8      | Noticed Grum
  9741 | Bailey   | Entered a bailey
  9976 | Bailey   | Noticed an orc knight
 10332 | D:8      | Killed Grum
 10340 | D:8      | Reached skill level 5 in Armour
 11011 | D:8      | Got a polished plate armour
 11012 | D:8      | Identified the cursed +0 plate armour "Wuuw" {Regen+ Str-2 SInv} (You found it on level 8 of the Dungeon)
 11578 | D:9      | Found the +8 frozen axe "Frostbite" {freezing cloud, *Noise +Fly rC+}
 11578 | D:9      | Noticed an ice statue
 11823 | D:9      | Found Dos Qoc's Armour Emporium.
 11933 | D:9      | Reached ***** piety under Lugonu
 12100 | D:9      | Found a roughly hewn altar of Beogh.
 12100 | D:9      | Found a staircase to the Orcish Mines.
 12987 | D:9      | Reached skill level 11 in Polearms
 13261 | D:10     | Entered Level 10 of the Dungeon
 13284 | D:10     | Found a staircase to the Lair.
 13307 | D:10     | Gained mutation: You are mostly covered in sharp spines. [demonic ancestry]
 13307 | D:10     | Reached XP level 11. HP: 89/89 MP: 12/12
 14136 | D:11     | Noticed a two-headed ogre
 14395 | D:11     | Killed a two-headed ogre
 14626 | D:11     | Killed an unseen horror
 15343 | D:11     | Reached skill level 12 in Polearms
 15939 | D:11     | Reached skill level 10 in Fighting
 16484 | D:11     | Noticed a two-headed ogre
 16510 | D:10     | Killed a two-headed ogre
 17191 | Lair:1   | Entered Level 1 of the Lair of Beasts
 17243 | Lair:1   | Gained mutation: You are mostly covered in thin metallic scales. (AC +3) [demonic ancestry]
 17243 | Lair:1   | Reached XP level 12. HP: 57/98 MP: 13/13
 17250 | Lair:1   | Noticed an eight-headed hydra
 17322 | Lair:1   | Found a labyrinth entrance.
 17332 | Lab      | Entered a labyrinth
 18063 | Lab      | Noticed a minotaur
 18076 | Lab      | Found the +8 demon blade "Leech" {vamp, rN+ AC-3 EV-3}
 18079 | Lab      | Killed a minotaur
 18445 | Lair:1   | Reached skill level 13 in Polearms
 18508 | Lair:1   | Noticed an eight-headed hydra
 18618 | Lair:2   | Noticed Gastronok
 21023 | Lair:3   | HP: 3/100 [komodo dragon (18)]
 21024 | Lair:3   | Mangled by a komodo dragon

Vault maps used:
D:1:      evilmike_arrival_run_for_it
D:2:      first_bread, chequers_ecumenical_altar_lobes, minmay_hexomino_u4,
          uniq_robin
D:3:      nicolae_overflow_crystal_walls, serial_park_tiny_2
D:4:      lightli_minifort
D:5:      lemuel_doored_altar, lemuel_round_altar, serial_shops,
          nicolae_shop_crystal
D:6:      minitemple
D:7:      minmay_temple_entry_enclosed_plants, the_bakery, st_stairs_1
D:8:      enter_bailey_3, uniq_grum
D:9:      minmay_statue_hallways, david_orc_5, serial_shops, shop
D:10:     dpeg_oklobed_lair, minmay_lizard_king
Temple:   compressed_dpeg_circular_temple
Lair:1:   lab_entry_generic, serial_bayou_shore_b
Lair:2:   beast_lair_carwin_10, grunt_megastairs_4, serial_bayou_shore_b,
          uniq_gastronok
Lair:3:   minmay_shoals_entry_lonely_mermaid
Abyss:1:  minivault_5
Lab:      labyrinth_lava_lair, nicolae_lab_grate, lab_fountain,
          nicolae_lab_statue, nicolae_lab_lava, labyrinth_fake_exit
Bailey:   bailey_axe_of_yendor_kennysheep, bailey

Skill      XL: |  1  2  3  4  5  6  7  8  9 10 11 12 |
---------------+-------------------------------------+-----
Polearms       | 2 3 4 5 6 7 9 11 12 13 | 13.6
Armour         | 2 4 6 7 8 |  8.7
Shields        | 1 2 3 5 |  5.0
Fighting       | 4 5 6 7 9 10 11 | 11.0
Dodging        | |  0.8
Invocations    | |  2.9

Action                   |  1- 3 |  4- 6 |  7- 9 | 10-12 || total
-------------------------+-------+-------+-------+-------++-------
Melee: Spear             |   117 |   284 |   188 |       ||   589
       Trident           |       |       |   348 |  1087 ||  1435
Throw: Stone             |    29 |    31 |     1 |       ||    61
       Javelin           |       |       |       |     2 ||     2
Invok: Depart the Abyss  |     1 |       |       |       ||     1
Evoke: Wand              |       |       |     6 |     4 ||    10
  Use: Potion            |       |     2 |       |     7 ||     9
       Scroll            |       |     8 |     5 |    18 ||    31
 Stab: Sleeping          |     1 |       |       |       ||     1
       Invisible         |       |     1 |       |       ||     1
       Fleeing           |       |       |       |     1 ||     1
  Eat: Chunk             |     3 |     9 |     9 |    31 ||    52
       Meat ration       |       |       |     2 |       ||     2
       Fruit             |       |       |       |     2 ||     2
Armor: Leather armour    |    15 |    31 |       |       ||    46
       Skin              |       |     8 |       |     5 ||    13
       Scale mail        |       |    23 |    16 |       ||    39
       Chain mail        |       |       |   163 |   287 ||   450
Dodge: Dodged            |    33 |    82 |    93 |   162 ||   370
Block: Buckler           |     6 |    60 |   140 |   221 ||   427

Table legend:
 A = Spawn XP
 B = Non-spawn XP
 C = Spawn XP percentage of total XP
 D = Spawn monster count
 E = Non-spawn monster count
 F = Spawn count percentage of total count
 G = Total turns spent on level
                    A         B        C        D         E        F      G
               +---------+---------+-------+---------+---------+-------+---------
         Total |       0 |   32346 |   0.0 |       0 |     379 |   0.0 | 21024
               +---------+---------+-------+---------+---------+-------+---------
           D:1 |       0 |      52 |   0.0 |       0 |      24 |   0.0 |  1615
           D:2 |       0 |     128 |   0.0 |       0 |      27 |   0.0 |   996
           D:3 |       0 |     165 |   0.0 |       0 |      24 |   0.0 |  1947
           D:4 |       0 |     749 |   0.0 |       0 |      20 |   0.0 |  1242
           D:5 |       0 |     647 |   0.0 |       0 |      31 |   0.0 |   989
           D:6 |       0 |    1064 |   0.0 |       0 |      24 |   0.0 |  1026
           D:7 |       0 |    1219 |   0.0 |       0 |      19 |   0.0 |  1688
           D:8 |       0 |    3843 |   0.0 |       0 |      41 |   0.0 |  1539
           D:9 |       0 |    2387 |   0.0 |       0 |      44 |   0.0 |  1798
          D:10 |       0 |    3290 |   0.0 |       0 |      33 |   0.0 |  1655
          D:11 |       0 |    7671 |   0.0 |       0 |      43 |   0.0 |  2275
        Temple |       0 |     113 |   0.0 |       0 |       2 |   0.0 |   114
        Lair:1 |       0 |    3076 |   0.0 |       0 |      16 |   0.0 |   666
        Lair:2 |       0 |    4565 |   0.0 |       0 |      19 |   0.0 |  1841
        Lair:3 |       0 |    1890 |   0.0 |       0 |       8 |   0.0 |   396
           Lab |       0 |    1485 |   0.0 |       0 |       3 |   0.0 |   930
        Bailey |       0 |       2 |   0.0 |       0 |       1 |   0.0 |   252
               +---------+---------+-------+---------+---------+-------+---------
